AoeStats
← Iguano Pop

Arabia

510059574Analyzed
1v1 RM · 4d ago on Sep 29, 2026· 31m 12s· 2 players
Game mode
Random Map
Map size
Tiny (2 player)
Population
200
Speed
Normal
Resources
Standard
Victory
Conquest
Starting age
Dark Age
Ending age
Imperial Age
RankedLock teamsTeams togetherTeam positionsShared explorationLock speedFull tech treeHidden civsTurbo modeCheats
Victory
Defeat
🇲🇽 Burmese · Mexico
1337
+11
🇺🇸 Mongols · United States
1231
-11
LimaPeru
6:39 Loom
9:01 Feudal Age
20:11 Castle Age
20:48 Scale Barding Armor
27:02 Bloodlines
26:54 Horse Collar
Iguano Pop
7:39 Loom
9:55 Feudal Age
10:29 Town Watch
18:50 Fletching
25:03 Castle Age
23:16 Forging
23:20 Gold Mining
24:14 Scale Mail Armor
25:06 Crossbowman
25:48 Bodkin Arrow
27:08 Wheelbarrow
28:44 Bloodlines
28:35 Husbandry
30:50 Padded Archer Armor
Connection lost

Rejoining the realm…

Still unreachable

The connection could not be restored.

Session expired

The server has moved on; the page needs a fresh start.